 Dungeon Sprint DCSS version 0.22.1-1-ga44c0e56f4 (webtiles) character file.

6386 MuseOD the Unseen (level 10, -6/63 HPs)
             Began as a Spriggan Enchanter on Sept 27, 2018.
             Was a High Priest of Dithmenos.
             Killed by divine providence
             ... invoked by an orc high priest
              (15 damage)
             ... in the Dungeon (Sprint III: "The Ten Rune Challenge").
             The game lasted 00:06:45 (1862 turns).

MuseOD the Unseen (Spriggan Enchanter)              Turns: 1862, Time: 00:06:45

Health: -6/63      AC:  3    Str:  4    XL:     10   Next: 66%
Magic:  17/29      EV: 18    Int: 19    God:    Dithmenos [*****.]
Gold:   33         SH:  0    Dex: 18    Spells: 21/33 levels left

rFire    . . .     SeeInvis +   a - +1 dagger
rCold    + . .     Gourm    .   (shield restricted)
rNeg     . . .     Faith    .   b - +0 robe
rPois    .         Spirit   .   (helmet restricted)
rElec    .         Reflect  .   i - +0 cloak
rCorr    .         Harm     .   (gloves unavailable)
MR       +....     NoTele   +   (boots unavailable)
Stlth    ++++++++++             (no amulet)
HPRegen  0.20/turn              (no ring)
MPRegen  0.21/turn              (no ring)

@: wreathed by umbra, very quick
A: very small, unfitting armour, see invisible, cold resistance 1, herbivore,
speed 3, high mp 1, robust 1, slow metabolism 2
a: Shadow Step, Shadow Form, Renounce Religion


You were in the Dungeon.
You worshipped Dithmenos.
Dithmenos was extremely pleased with you.
You were not hungry.

You visited 1 branch You collected 33 gold pieces.

Inventory:

Hand Weapons
 a - a +1 dagger (weapon)
Armour
 b - a +0 robe (worn)
 i - a +0 cloak (worn)
Wands
 r - a wand of random effects (28)
Scrolls
 j - 3 scrolls of blinking
 k - a scroll of immolation {unknown}
 l - 2 scrolls of identify
 m - 2 scrolls of remove curse
 o - a scroll of holy word {unknown}
Potions
 c - a potion of lignification {unknown}
 e - a potion of curing
 f - a potion of heal wounds
 g - a potion of haste
 h - 2 potions of magic
 n - 4 potions of flight
 p - 4 potions of mutation
 q - a potion of might


   Skills:
 + Level 9.0 Fighting
 * Level 15.7 Short Blades
 - Level 3.0 Dodging
 + Level 16.1 Stealth
 + Level 12.3 Spellcasting
 + Level 12.9 Hexes


You had 21 spell levels left.
You knew the following spells:

 Your Spells              Type           Power        Failure   Level  Hunger
a - Corona                Hex            ######.      1%          1    None
b - Ensorcelled Hibernat  Hex/Ice        #####.       1%          2    None
c - Confuse               Hex            ######..     1%          3    None
d - Dazzling Spray        Conj/Hex       #####.       1%          3    None
e - Tukima's Dance        Hex            ######..     1%          3    None

Your spell library contained the following spells:

 Spells                   Type           Power        Failure   Level  Hunger
 Confusing Touch          Hex            ######       1%          1    None
 Animate Skeleton         Necr           N/A          6%          1    None
 Apportation              Tloc           ##....       6%          1    None
 Summon Small Mammal      Summ           ##..         6%          1    None
 Metabolic Englaciation   Hex/Ice        #####.....   12%         5    ####...
 Yara's Violent Unravell  Hex/Tmut       #####.....   12%         5    ####...
 Gell's Gravitas          Tloc           ##........   19%         3    None
 Petrify                  Tmut/Erth      ##......     52%         4    #......


Dungeon Overview and Level Annotations

Branches:
Dungeon (1/1)

Altars:
Dithmenos
Elyvilon
Kikubaaqudgha
Okawaru
Ru
Sif Muna
Trog
Uskayaw
Vehumet
Wu Jian
Yredelemnul
Zin
The Shining One
Beogh

Shops:
D %


Innate Abilities, Weirdness & Mutations

You are very small and have problems with some larger weapons.
You are too small for most types of armour.
You have supernaturally acute eyesight. (SInv)
You are a herbivore.
You cover ground extremely quickly.
You need to consume almost no food.
Your flesh is cold resistant. (rC+)
You have an increased reservoir of magic. (+10% MP)
You are robust. (+10% HP)


Message History

The water elemental hits you! The smoke demon gestures at you.
Beogh smites you!
* * * LOW HITPOINT WARNING * * *
You slip free of the water engulfing you.
You gasp with relief as air once again reaches your lungs.
There is an open door here.
Casting: Dazzling Spray (safe; 1% risk of failure)
Confirm with . or Enter, or press ? or * to list all spells.
Aiming: Dazzling Spray (safe; 1% risk of failure)
Press: ? - help, Shift-Dir - straight line, f/p - water elemental
Aim: a water elemental (moderately damaged, umbra)
The spray of energy hits the water elemental.
The water elemental is severely damaged.
The smoke demon gestures at you. Beogh smites you!
* * * LOW HITPOINT WARNING * * *
The orc high priest mumbles some strange prayers to Beogh against you.
Beogh smites you!
You die...

▓▓▓▓▓▓▓▓▓▓▓▓▓ ▓▓▓
▓<.#..'.....♣♣ ♣.####
▓..#..#....♣.♣ ♣♣.#___
▓#'####.....♣ ♣..#)..
▓.....#....≈♣ ♣♣..###'
▓.....#...≈E♣♣♣.♣.#...
▓....@#..≈≈≈≈.♣...'.⌠.
▓####E#..≈≈≈≈≈≈♣♣.#...
▓.....#.≈≈≈≈≈o....#.⌠.
▓.....#.≈≈≈≈≈.....#...
▓.3...#.≈≈≈.......#'##
▓o#####...........#.))
▓).3o3............#___
▓▓▓▓▓▓▓▓▓▓▓▓▓▓▓▓▓▓▓▓▓▓


You could see an orc high priest, a water elemental and a smoke demon.

Vanquished Creatures
  Dowan (D)
  Snorg (D)
  A yaktaur captain (D)
  A centaur warrior (D)
  An unseen horror (D)
  A deep elf mage (D)
  Duvessa (D)
  2 yaktaurs (D)
  A shadow (D)
  An orc warrior (D)
  A necrophage (D)
  2 centaurs (D)
  An earth elemental (D)
  A jelly (D)
  Crazy Yiuf (D)
  3 orc priests (D)
  An orc wizard (D)
  A wizard (D)
  A necromancer (D)
  3 humans (D)
  A kobold demonologist (D)
  An ooze (D)
  8 orcs (D)
  3 rats (D)
39 creatures vanquished.

Vanquished Creatures (others)
  2 draconian scorchers (D)
  6 hellions (D)
  A yaktaur (D)
  2 orc high priests (D)
  2 orc priests (D)
  10 plants (D)
23 creatures vanquished.

Grand Total: 62 creatures vanquished

Notes
Turn   | Place    | Note
-------+----------+-------------------------------------------
     0 | D        | MuseOD the Spriggan Enchanter began the quest for the Orb.
     0 | D        | Reached XP level 1. HP: 9/9 MP: 5/5
     4 | D        | Reached skill level 5 in Stealth
    12 | D        | Reached skill level 1 in Fighting
    61 | D        | Killed a yaktaur
   107 | D        | Killed a hellion
   108 | D        | Killed a hellion
   113 | D        | Reached XP level 2. HP: 15/15 MP: 6/6
   116 | D        | Noticed Crazy Yiuf
   127 | D        | Learned a level 2 spell: Ensorcelled Hibernation
   128 | D        | Killed Crazy Yiuf
   128 | D        | Reached skill level 5 in Short Blades
   128 | D        | Reached skill level 6 in Stealth
   128 | D        | Reached skill level 5 in Hexes
   128 | D        | Reached XP level 3. HP: 19/19 MP: 5/8
   130 | D        | Killed a hellion
   162 | D        | Gained mutation: You are dopey. (Int -2) [potion of
                  | mutation]
   162 | D        | Gained mutation: You are frail. (-10% HP) [potion of
                  | mutation]
   162 | D        | Lost mutation: You are dopey. (Int -2) [potion of mutation]
   162 | D        | Gained mutation: You are somewhat resistant to further
                  | mutation. [potion of mutation]
   163 | D        | Lost mutation: You are somewhat resistant to further
                  | mutation. [potion of mutation]
   163 | D        | Lost mutation: You are frail. (-10% HP) [potion of
                  | mutation]
   163 | D        | Gained mutation: You have an increased reservoir of magic.
                  | (+10% MP) [potion of mutation]
   163 | D        | Gained mutation: Your flesh is cold resistant. (rC+)
                  | [potion of mutation]
   163 | D        | Gained mutation: You are robust. (+10% HP) [potion of
                  | mutation]
   167 | D        | Killed a hellion
   181 | D        | Killed a hellion
   191 | D        | Killed a hellion
   193 | D        | Killed a white draconian scorcher
   216 | D        | Learned a level 3 spell: Confuse
   216 | D        | Noticed a water elemental
   242 | D        | Found a glowing silver altar of Zin.
   242 | D        | Found a glowing golden altar of the Shining One.
   242 | D        | Found a white marble altar of Elyvilon.
   242 | D        | Noticed a deep elf mage
   245 | D        | Killed a deep elf mage
   245 | D        | Reached skill level 10 in Stealth
   245 | D        | Reached XP level 4. HP: 24/28 MP: 9/15
   245 | D        | Reached XP level 5. HP: 28/33 MP: 9/16
   245 | D        | Reached XP level 6. HP: 32/38 MP: 10/18
   250 | D        | Learned a level 3 spell: Dazzling Spray
   254 | D        | Learned a level 3 spell: Tukima's Dance
   267 | D        | Killed a white draconian scorcher
   296 | D        | Found a hide-covered altar of Uskayaw.
   296 | D        | Found a roughly hewn altar of Beogh.
   296 | D        | Found an iron altar of Okawaru.
   296 | D        | Found a bloodstained altar of Trog.
   296 | D        | Found an ornate altar of the Wu Jian Council.
   296 | D        | Noticed a human
   296 | D        | Noticed a human
   305 | D        | Killed a human
   305 | D        | Reached skill level 5 in Fighting
   305 | D        | Reached skill level 10 in Short Blades
   305 | D        | Reached XP level 7. HP: 30/42 MP: 12/20
   311 | D        | Killed a human
   311 | D        | Reached skill level 11 in Stealth
   432 | D        | Found a basalt altar of Yredelemnul.
   432 | D        | Found a shadowy altar of Dithmenos.
   432 | D        | Found a sacrificial altar of Ru.
   439 | D        | Became a worshipper of Dithmenos the Shadowed
   450 | D        | Found a radiant altar of Vehumet.
   451 | D        | Found a deep blue altar of Sif Muna.
   451 | D        | Found an ancient bone altar of Kikubaaqudgha.
   475 | D        | Noticed a shadow
   477 | D        | Killed a shadow
   477 | D        | Reached * piety under Dithmenos
   477 | D        | Reached skill level 12 in Stealth
   477 | D        | Reached XP level 8. HP: 48/48 MP: 23/23
   503 | D        | Noticed Snorg
   539 | D        | Killed Snorg
   539 | D        | Reached skill level 13 in Stealth
   539 | D        | Reached skill level 10 in Hexes
   622 | D        | Reached ** piety under Dithmenos
   622 | D        | Reached XP level 9. HP: 53/53 MP: 26/26
   693 | D        | Noticed a centaur warrior
   697 | D        | Killed a centaur warrior
   697 | D        | Reached skill level 14 in Stealth
   697 | D        | Reached skill level 10 in Spellcasting
   707 | D        | Noticed an unseen horror
   709 | D        | Killed an unseen horror
   709 | D        | Reached *** piety under Dithmenos
   718 | D        | Noticed Dowan
   718 | D        | Noticed Duvessa
   722 | D        | Killed Dowan
   722 | D        | Reached skill level 15 in Stealth
   722 | D        | Reached XP level 10. HP: 62/62 MP: 27/29
   765 | D        | Killed Duvessa
   765 | D        | Reached skill level 15 in Short Blades
  1009 | D        | Noticed a yaktaur captain
  1010 | D        | Killed a yaktaur captain
  1241 | D        | Reached **** piety under Dithmenos
  1241 | D        | Reached skill level 16 in Stealth
  1604 | D        | Found Bumiuttioso's Food Emporium.
  1605 | D        | Noticed an orc knight
  1606 | D        | Noticed an orc high priest
  1636 | D        | Reached ***** piety under Dithmenos
  1702 | D        | Noticed a sun demon
  1854 | D        | Noticed a smoke demon
  1854 | D        | Noticed a sixfirhy
  1862 | D        | Killed from afar by an orc high priest

Skill      XL: |  1  2  3  4  5  6  7  8  9 10 |
---------------+-------------------------------+-----
Short Blades   | 4 5 9 10 11 12 14 15 | 15.7
Stealth        | 5 6 10 12 13 15 16 | 16.1
Hexes          | 4 5 8 9 10 12 | 12.9
Fighting       | 1 2 4 5 6 8 9 |  9.0
Spellcasting   | 6 7 8 9 11 12 | 12.3
Dodging        | |  3.0

Action                   |  1- 3 |  4- 6 |  7- 9 | 10-12 || total
-------------------------+-------+-------+-------+-------++-------
Melee: Dagger            |    19 |     6 |    26 |    38 ||    89
 Cast: Ensorcelled Hiber |     1 |       |     1 |     4 ||     6
       Dazzling Spray    |       |     2 |       |     2 ||     4
       Confuse           |       |       |     2 |    22 ||    24
  Use: Potion            |     3 |       |       |       ||     3
       Scroll            |       |       |     1 |       ||     1
 Stab: Sleeping          |     3 |       |    12 |     3 ||    18
       Invisible         |       |     2 |       |       ||     2
       Confused          |       |       |     4 |     9 ||    13
Armor: Robe              |     1 |       |     1 |       ||     2
Dodge: Dodged            |     8 |     6 |     3 |    19 ||    36
